 Dungeon Crawl Stone Soup version 0.29-a0-275-g389c0b56f3 (webtiles) character file.

Game seed: 5017255591161416006

6281 sammy202020 the Basher (level 10, -3/148 HPs)
             Began as a Naga Berserker on Mar 10, 2022.
             Was an Elder of Trog.
             Slain by a yak (9 damage)
             ... on level 9 of the Dungeon.
             The game lasted 00:19:37 (9843 turns).

sammy202020 the Basher (Naga Berserker)             Turns: 9843, Time: 00:19:38

Health: -3/148     AC: 30    Str: 21    XL:     10   Next: 94%
Magic:  10/10      EV:  9    Int: 11    God:    Trog [****..]
Gold:   1488       SH:  0    Dex: 16    Spells: 9/9 levels left

rFire   + . .      SeeInvis +   t - +1 flail (protect)
rCold   . . .      Faith    .   (no shield)
rNeg    . . .      Spirit   .   o - +2 ring mail {rF+}
rPois   +          Reflect  .   b - +0 helmet
rElec   .          Harm     .   g - +0 cloak
rCorr   .          Rampage  .   (no gloves)
Will    +....                   j - +2 barding
Stlth   ..........              (no amulet)
HPRegen 0.34/turn               w - +4 ring of protection
MPRegen 0.12/turn               C - +6 ring of dexterity

@: berserking (expiring), under a protective aura, studying Maces & Flails,
quick
A: AC +3, large, see invisible, deformed body, poison resistance, slowness 2,
spit poison 1, naga tail 1
a: Spit Poison, Renounce Religion, Berserk, Trog's Hand, Brothers in Arms


You were on level 9 of the Dungeon.
You worshipped Trog.
Trog was greatly pleased with you.
You visited 1 branch of the dungeon, and saw 9 of its levels.
You also visited: Ossuary.

You collected 1488 gold pieces.

Inventory:

Hand Weapons
 t - a +1 flail of protection (weapon)
 y - a +0 flail
Missiles
 l - 5 atropa-tipped darts
 m - 18 poisoned darts
Armour
 b - a +0 helmet (worn)
 g - a +0 cloak (worn)
 j - a +2 barding (worn)
 o - a +2 ring mail of fire resistance (worn)
Jewellery
 w - a +4 ring of protection (left hand)
 C - a +6 ring of dexterity (right hand)
Wands
 u - a wand of polymorph (6)
 v - a wand of digging (4)
Scrolls
 a - a scroll of fog
 f - 3 scrolls of magic mapping
 n - 6 scrolls of teleportation
 p - a scroll of fear
 x - a scroll of brand weapon
 D - a scroll of summoning
Potions
 c - 3 potions of attraction
 d - 2 potions of heal wounds
 e - 3 potions of lignification
 h - a potion of ambrosia
 i - 3 potions of resistance {unknown}
 k - a potion of curing {unknown}
 q - a potion of mutation {unknown}
 r - 2 potions of brilliance {unknown}
 s - a potion of degeneration {unknown}
 z - a potion of might {unknown}
 A - a potion of flight {unknown}
 B - a potion of magic {unknown}


   Skills:
 * Level 9.3 Fighting
 * Level 12.3 Maces & Flails
 * Level 7.5 Armour
 + Level 5.3 Dodging


You had 9 spell levels left.
You didn't know any spells.
Your spell library was empty.

Dungeon Overview and Level Annotations

Branches:
Dungeon (9/15)             Temple (0/1) D:4         Ossuary (visited)
   Lair: D:8-11         Orc: D:9-12

Altars:
Kikubaaqudgha
Nemelex Xobeh

Shops:
D:8 :

Annotations:
D:7 2 transporters, pascalblue's ghost, novice DECj


Innate Abilities, Weirdness & Mutations

Your serpentine skin is tough. (AC +3)
You have supernaturally acute eyesight. (SInv)
Armour fits poorly on your strangely shaped body.
Your system is resistant to poisons. (rPois)
You cover ground very slowly.
You can spit poison.
You have a snake-like lower body.


Message History

Your weapon exudes an aura of protection.
The yak is moderately wounded.
The yak barely misses you. The yak gores you but does no damage.
The yak attacks as you move away! The yak barely misses you.
The yak attacks as you move away! The yak gores you but does no damage.
The yak attacks as you move away! The yak barely misses you.
The yak barely misses you. The yak attacks as you move away! The yak gores you.
* * * LOW HITPOINT WARNING * * *
The yak gores you!
* * * LOW HITPOINT WARNING * * *
The yak gores you!
* * * LOW HITPOINT WARNING * * *
A red film seems to cover your vision as you go berserk!
You feel yourself moving faster!
You feel mighty!
The yak gores you but does no damage. x3
You are too berserk!
You feel a strong urge to attack something.
You sock the yak!
Your weapon exudes an aura of protection.
The yak is moderately wounded.
The yak closely misses you.
You sock the yak!
The yak is severely wounded.
You bludgeon the yak!!
You kill the yak!
Trog accepts your kill. The yak gores you but does no damage.
You bludgeon the yak!!
The yak is severely wounded.
The yak gores you but does no damage. The yak gores you!
* * * LOW HITPOINT WARNING * * *
The orc priest barely misses you.
You sock the orc priest!
The orc priest is severely wounded.
You bludgeon the orc priest!!
You kill the orc priest!
Trog accepts your kill. The yak gores you!
You die...

#.....#.#<..# #.#..
#######.....+#########+#'#.##
##.....................
##............#..#...#
#.†#####..........#.) #..##
#.....)....
####..#######.....††.Y.
#......YY..#####)..o...
#.....@)Y..# #Y......
#.....YY..Y### #.......
#.)..........###Y..>...
#........o......†......
#..........#...........
#..........#####.......
#..........# #.[.....
############ ###..... .....


You could see 6 yaks and an orc.

Vanquished Creatures
  A hydra (D:9)
  Pikel (D:4)
  3 trolls
  7 yaks
  A shadow (D:7)
  A steam dragon (D:6)
  Edmund (D:4)
  3 water moccasins
  4 orc warriors
  A black bear (D:5)
  3 ice beasts
  3 ogres (D:5)
  A centaur (D:9)
  An elf zombie (Ossuary)
  A kobold brigand (D:8)
  3 bullfrogs
  A scorpion (D:6)
  A necrophage (D:6)
  3 wights (D:8)
  4 howler monkeys (D:9)
  A centaur zombie (Ossuary)
  3 jellies
  4 hounds
  A human zombie (Ossuary)
  4 orc priests
  Crazy Yiuf (D:4)
  3 iguanas
  Ijyb (D:4)
  10 orc wizards
  3 mummies
  6 adders
  7 gnolls
  A shadow imp (D:6)
  4 worms
  A dart slug (D:2)
  35 orcs
  6 endoplasms
  3 giant cockroaches
  2 gnoll zombies (Ossuary)
  3 goblins
  8 hobgoblins
  11 jackals
  12 kobolds
  4 quokkas
  9 ball pythons
  7 bats
  5 frilled lizards
  3 goblin zombies (Ossuary)
  A hobgoblin zombie (Ossuary)
  5 orc zombies (Ossuary)
  5 rats
213 creatures vanquished.

Notes
Turn   | Place    | Note
-------+----------+-------------------------------------------
     0 | D:1      | sammy202020 the Naga Berserker began the quest for the Orb.
     0 | D:1      | Reached XP level 1. HP: 21/21 MP: 1/1
   330 | D:1      | Reached XP level 2. HP: 27/28 MP: 2/2
   819 | D:2      | Reached XP level 3. HP: 22/34 MP: 3/3
   936 | D:2      | Reached ** piety under Trog
   956 | D:2      | Found a faded altar of an unknown god.
  1443 | D:2      | Reached XP level 4. HP: 32/43 MP: 4/4
  1626 | D:3      | Identified a scroll of acquirement
  1626 | D:3      | Acquired a manual of Maces & Flails
  2216 | D:3      | Found a sparkling altar of Nemelex Xobeh.
  2390 | D:3      | Reached skill level 4 in Maces & Flails
  2390 | D:3      | Reached XP level 5. HP: 43/50 MP: 5/5
  2670 | D:3      | Reached *** piety under Trog
  2885 | D:4      | Noticed Ijyb
  2907 | D:4      | Reached XP level 6. HP: 38/58 MP: 6/6
  2924 | D:4      | Killed Ijyb
  2925 | D:4      | Reached skill level 5 in Maces & Flails
  3002 | D:4      | Noticed a water moccasin
  3020 | D:4      | Killed a water moccasin
  3114 | D:4      | Found a staircase to the Ecumenical Temple.
  3188 | D:4      | Noticed Pikel
  3206 | D:4      | Killed Pikel
  3207 | D:4      | Reached skill level 5 in Fighting
  3207 | D:4      | Reached skill level 6 in Maces & Flails
  3207 | D:4      | Reached XP level 7. HP: 20/67 MP: 7/7
  3531 | D:4      | Found a runed translucent door.
  3532 | D:4      | Noticed Crazy Yiuf
  3718 | D:4      | Reached XP level 8. HP: 75/75 MP: 8/8
  3766 | D:4      | Noticed Edmund
  3804 | D:4      | Killed Edmund
  3805 | D:4      | Reached skill level 7 in Maces & Flails
  4204 | D:4      | Killed Crazy Yiuf
  4333 | D:5      | Entered Level 5 of the Dungeon
  4639 | D:5      | Reached skill level 8 in Maces & Flails
  5402 | D:5      | Reached skill level 5 in Armour
  5531 | D:6      | Noticed a troll
  5541 | D:6      | Killed a troll
  5542 | D:6      | Reached XP level 9. HP: 40/85 MP: 9/9
  5932 | D:6      | Reached skill level 9 in Maces & Flails
  6250 | D:6      | Acquired 839 gold pieces
  6775 | D:7      | Noticed a troll
  6786 | D:7      | Killed a troll
  6792 | D:7      | Found a transporter.
  6934 | D:7      | Reached skill level 10 in Maces & Flails
  7085 | D:7      | Found a sand-covered staircase.
  7094 | Ossuary  | Entered an ossuary
  7109 | Ossuary  | Reached **** piety under Trog
  7493 | D:7      | Noticed a troll
  7500 | D:7      | Killed a troll
  7719 | D:7      | Noticed pascalblue's ghost (novice DECj)
  7720 | D:7      | Identified the +10 dire flail of Linearity {elec, Fly rPois
                  | rF++ rN+ Dex-2}
  7724 | D:7      | Found a transporter.
  7798 | D:7      | Reached XP level 10. HP: 90/96 MP: 10/10
  8362 | D:8      | Noticed a two-headed ogre
  8567 | D:8      | Reached skill level 11 in Maces & Flails
  8664 | D:8      | Found an ancient bone altar of Kikubaaqudgha.
  8950 | D:8      | Reached skill level 5 in Dodging
  9395 | D:8      | Found Axenu's Self-Improvement Boutique.
  9774 | D:9      | Noticed a four-headed hydra
  9789 | D:9      | Killed a four-headed hydra
  9790 | D:9      | Reached skill level 12 in Maces & Flails
  9841 | D:9      | HP: 5/148 [yak (7)]
  9843 | D:9      | Slain by a yak

Illustrated notes

Levels and vault maps discovered:
D:1:      psy_arrival_statuary, layout_basic
D:2:      layout_rooms, ebering_ecumenical_altar_mist, minmay_split_cup_large
D:3:      layout_loops_corners, lemuel_crystal_altar, wad_rectangle_vault
D:4:      layout_loops_ring, minmay_temple_entry_mist, st_stairs_11,
          serial_park_tiny_1, hangedman_decor_peaks_small, uniq_pikel,
          uniq_crazy_yiuf_cottage, uniq_ijyb, uniq_edmund
D:5:      minmay_recursive_quarters, layout_gridville,
          nicolae_overflow_hidden_temple, lemuel_tele_altar,
          evilmike_ruin_ashenzari, minmay_crossroads
D:6:      layout_basic
D:7:      layout_layer_cave, gammafunk_ghost_smash, gup_ossuary_entry_pyramid
D:8:      layout_cave_pods, kennysheep_little_box, dk_noncrumbling_3,
          nicolae_shop_self_help
D:9:      minmay_the_grid_triangle_9x9_rhombus_thin
          [minmay_the_grid_triangle_9x9_windchime,
          minmay_the_grid_triangle_9x9_prize_special,
          minmay_the_grid_triangle_9x9_subtriangle,
          minmay_the_grid_triangle_9x9_empty], layout_rooms,
          nicolae_wu_jian_immortal_techniques

Skill      XL: |  1  2  3  4  5  6  7  8  9 10 |
---------------+-------------------------------+-----
Armour         | 2 4 5 6 7 |  7.5
Dodging        | 2 3 4 5 |  5.3
Maces & Flails | 4 6 8 10 12 | 12.3
Fighting       | 4 5 6 8 9 |  9.3

Action                   |  1- 3 |  4- 6 |  7- 9 | 10-12 || total
-------------------------+-------+-------+-------+-------++-------
Melee: Mace              |   117 |    95 |       |       ||   212
       Flail             |       |   104 |   378 |   254 ||   736
       Whip              |       |       |    53 |       ||    53
       Punch             |       |       |     5 |     3 ||     8
Invok: Berserk           |       |     1 |     4 |     2 ||     7
       Trog's Hand       |       |       |     2 |     1 ||     3
 Abil: Spit Poison       |    13 |     6 |     3 |       ||    22
  Use: Scroll            |       |    10 |     6 |     3 ||    19
Armor: Chain mail        |   153 |    21 |       |       ||   174
       Ring mail         |       |   139 |   354 |   251 ||   744
Dodge: Dodged            |    48 |    93 |   183 |   136 ||   460

Table legend: (Time is in decaauts)
 A = Elapsed time spent in this place.
 B = Non-inter-level travel time spent in this place.
 C = Inter-level travel time spent in this place.
 D = Time resting spent in this place.
 E = Time spent auto-exploring this place.
 F = Levels seen in this place.
 G = Mean time per level.
                   A        B        C        D        E       F      G
               +--------+--------+--------+--------+--------+-----+--------+
         Total |  12184 |  11812 |    372 |    495 |   8814 |  10 | 1218.4 |
       Dungeon |  11967 |  11595 |    372 |    495 |   8708 |   9 | 1329.7 |
       Ossuary |    217 |    217 |      0 |      0 |    105 |   1 |  217.0 |
               +--------+--------+--------+--------+--------+-----+--------+

Top non-repeatable levels by time:
     D:8: 1836 daAuts
     D:4: 1784 daAuts
     D:7: 1693 daAuts
     D:3: 1654 daAuts
     D:5: 1397 daAuts
     D:6: 1390 daAuts
     D:2: 1181 daAuts
     D:1: 862 daAuts
 Ossuary: 217 daAuts
     D:9: 165 daAuts
